 Dungeon Crawl Stone Soup version 0.27-a0-1529-g1e82c303ef (webtiles) character file.

Game seed: 3835874690174142697

48 Spectrina the Magician (level 4, 0/31 HPs)
             Began as a Djinni Ice Elementalist on July 11, 2021.
             Slain by a centaur skeleton (4 damage)
             ... on level 5 of the Dungeon.
             The game lasted 00:05:27 (492 turns).

Spectrina the Magician (Djinni Ice Elementalist)     Turns: 492, Time: 00:05:28

Health: 0/31       AC:  2    Str:  7    XL:     4   Next: 0%
Gold:   13         EV: 12    Int: 17    God:
                   SH:  0    Dex: 14

rFire    + + .     SeeInvis .   d - +1 spear (flame)
rCold    x . .     Faith    .   (no shield)
rNeg     . . .     Spirit   .   a - +0 robe
rPois    ∞         Reflect  .   (no helmet)
rElec    .         Harm     .   (no cloak)
rCorr    .         Rampage  .   (no gloves)
Will     .....                  (boots unavailable)
Stlth    ++........             (no amulet)
HPRegen  0.10/turn              (no ring)
MPRegen  0.00/turn              (no ring)

@: flying
A: sickness immunity, fire resistance 2, cold vulnerability 1, float, innate
caster, hp casting, extra vitality 1
a: no special abilities


You were on level 5 of the Dungeon.
You visited 1 branch of the dungeon, and saw 4 of its levels.

You collected 63 gold pieces.
You spent 50 gold pieces at shops.

Inventory:

Hand Weapons
 d - a +1 spear of flaming (weapon)
Missiles
 e - 25 bolts
Armour
 a - a +0 robe (worn)
Scrolls
 c - 2 scrolls of identify {unknown}
 f - a scroll of enchant weapon {unknown}
 g - a scroll of torment {unknown}
 i - a scroll of enchant armour {unknown}
Potions
 b - a potion of cancellation {unknown}
 h - 2 potions of curing {unknown}
 j - a potion of heal wounds


   Skills:
 - Level 2.1 Dodging
 - Level 1.5 Stealth
 + Level 4.2 Spellcasting


You couldn't memorise any spells.
You knew the following spells:

 Your Spells              Type           Power      Damage    Failure   Level
a - Freeze                Ice            72%        1d9       2%          1
b - Frozen Ramparts       Ice            36%        1d5       9%          3
c - Ozocubu's Armour      Ice            18%        N/A       9%          3
d - Hailstorm             Conj/Ice       18%        3d6       26%         4
e - Summon Small Mammal   Summ           72%        N/A       2%          1
Your spell library was empty.

Dungeon Overview and Level Annotations

Branches:
Dungeon (3/15)

Altars:

Shops:
D:3 !


Innate Abilities, Weirdness & Mutations

You are immune to sickness and miasma.
You are immune to poison.
Your flesh is very heat resistant. (rF++)
You are vulnerable to cold. (rC-)
You float through the air rather than walking.
You learn spells naturally, not from books.
Your magical power is your life essence.
You have superior vitality. (+4 HP)


Message History

* * * LOW HITPOINT WARNING * * *
The bat hits you but does no damage. The bat barely misses you.
The bat hits you but does no damage.
Casting: Freeze (safe; 2% risk of failure)
Confirm with . or Enter, or press ? or * to list all spells.
Aiming: Freeze (safe; 2% risk of failure)
Press: ? - help, Shift-Dir - straight line, f/p - bat
Aim: a bat (heavily wounded)
You freeze the bat.
You kill the bat!
* * * LOW HITPOINT WARNING * * *
You have reached level 4!
You feel agile.
You are sucked into a shaft and drop 2 floors!
The shaft crumbles and collapses.
Found 14 gold pieces.
A quokka and a skeleton come into view.
Casting: Freeze (safe; 2% risk of failure)
Confirm with . or Enter, or press ? or * to list all spells.
* * * LOW HITPOINT WARNING * * *
The centaur skeleton barely misses you.
The centaur skeleton kicks you but does no damage.
Unknown command.
Your bat hits the centaur skeleton. The centaur skeleton misses you.
The centaur skeleton kicks you but does no damage.
You swap places.
Your bat completely misses the centaur skeleton.
Your bat hits the centaur skeleton. Your bat hits the centaur skeleton.
The centaur skeleton hits you.
* * * LOW HITPOINT WARNING * * *
The centaur skeleton barely misses you.
Unknown command.
Your bat hits the centaur skeleton.
The centaur skeleton closely misses you. x2
Your bat hits the centaur skeleton. Your bat hits the centaur skeleton. x2
The centaur skeleton closely misses you.
The centaur skeleton kicks you but does no damage.
The centaur skeleton hits you.
You die...

..# #.#
#.# #.#
####.###
#......#
#.##.#.#
#.##Z#r#
#..@.#.#
#.####.#
#......#
#..b...#
#..###.#
#..# #.#
##.# #.#
#...$.#
###.###


You could see a centaur skeleton.

Vanquished Creatures
  A gnoll (D:1)
  An adder (D:2)
  A dart slug (D:1)
  2 orcs (D:2)
  An endoplasm (D:3)
  2 giant cockroaches (D:2)
  A goblin (D:1)
  4 jackals (D:2)
  A ball python (D:2)
  6 bats
  A frilled lizard (D:2)
  3 kobolds (D:1)
  A rat (D:2)
25 creatures vanquished.

Notes
Turn   | Place    | Note
-------+----------+-------------------------------------------
     0 | D:1      | Spectrina the Djinni Ice Elementalist began the quest for
                  | the Orb.
     0 | D:1      | Reached XP level 1. HP: 15/15 MP: 0/0
    74 | D:2      | Reached XP level 2. HP: 13/21 MP: 0/0
   116 | D:1      | Reached XP level 3. HP: 8/25 MP: 0/0
   116 | D:1      | Learned a level 1 spell: Summon Small Mammal
   119 | D:1      | Reached skill level 4 in Spellcasting
   420 | D:3      | Found Xaigopn's Distillery.
   429 | D:3      | Bought a potion of heal wounds for 50 gold pieces
   466 | D:3      | Reached XP level 4. HP: 5/31 MP: 0/0
   475 | D:3      | You are sucked into a shaft and drop 2 floors!
   475 | D:5      | Entered Level 5 of the Dungeon
   492 | D:5      | Slain by a centaur skeleton

Illustrated notes

Levels and vault maps discovered:
D:1:      dpeg_arrival_ratfight, layout_basic,
          shapermc_ecumenical_altar_rom_forum, hangedman_abyss_or_decor_stabs
D:2:      layout_loops_cross
D:3:      layout_loops_ring, serial_shops, nicolae_diamond_shop,
          grunt_ministairs_10, kennysheep_another_room, kennysheep_potato,
          uniq_natasha
D:5:      layout_loops_cross, makhleb_heckhound_becter,
          minmay_temple_entry_from_below_a

Skill      XL: |  1  2  3 |
---------------+----------+-----
Spellcasting   | 4 |  4.2
Dodging        | |  2.1
Stealth        | |  1.5

Action                   |  1- 3 |  4- 6 || total
-------------------------+-------+-------++-------
Melee: Spear             |     9 |       ||     9
 Cast: Freeze            |    34 |       ||    34
       Frozen Ramparts   |     1 |       ||     1
       Summon Small Mamm |       |     1 ||     1
 Stab: Sleeping          |     1 |       ||     1
Armor: Robe              |     8 |     3 ||    11
Dodge: Dodged            |    14 |     6 ||    20

Table legend: (Time is in decaauts)
 A = Elapsed time spent in this place.
 B = Non-inter-level travel time spent in this place.
 C = Inter-level travel time spent in this place.
 D = Time resting spent in this place.
 E = Time spent auto-exploring this place.
 F = Levels seen in this place.
 G = Mean time per level.
                   A        B        C        D        E       F      G
               +--------+--------+--------+--------+--------+-----+--------+
         Total |    493 |    475 |     18 |      0 |      0 |   4 |  123.2 |
       Dungeon |    493 |    475 |     18 |      0 |      0 |   4 |  123.2 |
               +--------+--------+--------+--------+--------+-----+--------+

Top non-repeatable levels by time:
     D:1: 264 daAuts
     D:2: 154 daAuts
     D:3: 58 daAuts
     D:5: 16 daAuts
